 Dungeon Crawl Stone Soup version 0.22-a0-580-gd5db89c (webtiles) character file.

215 sking99 the Ruffian (level 5, -2/53 HPs)
             Began as a Troll Monk on July 3, 2018.
             Slain by an orc warrior
             ... wielding a +0 mace
              (13 damage)
             ... on level 3 of the Dungeon.
             The game lasted 00:03:08 (1358 turns).

sking99 the Ruffian (Troll Monk)                    Turns: 1358, Time: 00:03:09

Health: -2/53      AC:  7    Str: 19    XL:     5   Next: 60%
Magic:  4/4        EV: 10    Int:  6    God:
Gold:   75         SH:  0    Dex: 13    Spells: 4/4 levels left

rFire    . . .     SeeInvis .     - Unarmed
rCold    . . .     Gourm    +   (no shield)
rNeg     . . .     Faith    .   p - +0 troll leather armour
rPois    .         Spirit   .   (helmet restricted)
rElec    .         Reflect  .   (no cloak)
rCorr    .         Harm     .   (gloves unavailable)
MR       .....                  (boots unavailable)
Stlth    +.........             (no amulet)
HPRegen  0.97/turn              (no ring)
MPRegen  0.09/turn              (no ring)

@: no status effects
A: large, unfitting armour, claws 3, fast metabolism 3, gourmand, regeneration
1, shaggy fur 1, tough skin 2
a: no special abilities


You were on level 3 of the Dungeon.
You were completely stuffed.

You visited 1 branch of the dungeon, and saw 3 of its levels.

You collected 75 gold pieces.

Inventory:

Missiles
 h - 2 throwing nets (quivered)
Armour
 p - a +0 troll leather armour (worn)
Jewellery
 k - an uncursed amulet of regeneration {unknown}
Scrolls
 d - 4 scrolls of identify {unknown}
 e - a scroll of immolation {unknown}
 g - 3 scrolls of teleportation {unknown}
 j - a scroll of noise {unknown}
 l - a scroll of remove curse {unknown}
 m - a scroll of magic mapping {unknown}
Potions
 a - 2 potions of flight {unknown}
 f - a potion of agility {unknown}
 i - a potion of mutation {unknown}
 n - a potion of curing {unknown}
 o - a potion of degeneration {unknown}
Comestibles
 b - 5 rations
 c - 2 chunks of flesh


   Skills:
 + Level 3.6 Fighting
 - Level 2.4 Dodging
 - Level 1.0 Stealth
 * Level 5.5 Unarmed Combat


You had 4 spell levels left.
You didn't know any spells.
Your spell library contained the following spells:

 Spells                   Type           Power        Failure   Level  Hunger
 Spider Form              Tmut/Pois      #.........   87%         3    ####...
 Blade Hands              Tmut           #.........   100%        5    ######.
 Ice Form                 Ice/Tmut       #.......     99%         4    #####..
 Sticks to Snakes         Tmut           #.......     65%         2    ###....
 Beastly Appendage        Tmut           #.....       52%         1    ##.....


Dungeon Overview and Level Annotations

Branches:
Dungeon (3/15)

Altars:


Innate Abilities, Weirdness & Mutations

You are too large for most types of armour.
You have claws for hands.
Your metabolism is lightning-fast.
You like to eat raw meat.
Your natural rate of healing is unusually fast.
You are covered in fur. (AC +1)
You have very tough skin. (AC +2)


Message History

The orc warrior hits you with a mace!
You claw the orc!
You kill the orc!
The orc hits you but does no damage. The orc warrior hits you with a mace.
Items here: )) [ † a hand axe; a falchion of slicing; a leather armour; an orc corpse You scratch the orc.
The orc is severely wounded.
The orc hits you.
You scratch the orc.
You kill the orc!
You scratch the orc warrior but do no damage.
The orc warrior is lightly wounded.
The orc warrior hits you with a mace!
* * * LOW HITPOINT WARNING * * *
You claw the orc warrior!
The orc warrior is severely wounded.
A jackal comes into view.
The orc warrior hits you with a mace!
You die...

......................
.....#..##..###.##..##.
....................##.
.......................
#...#..##..######..##.
.##.....†(...#### #..#
.........(!....... .#
#...#.#....##### #
#....@o../.....
#...#$#)....###
.................
...?.....###..###
####.....# .... #.....#
#.### h...... ..
.......# ##


You could see an orc warrior and a jackal (wandering).

Vanquished Creatures
  An orc priest (D:3)
  Terence (D:2)
  Natasha (twice) (D:3)
  4 adders
  A worm (D:2)
  2 leopard geckos
  8 orcs
  3 giant cockroaches (D:1)
  6 hobgoblins
  A ball python (D:1)
  10 bats
  7 frilled lizards
  9 goblins
  10 kobolds
  8 rats
73 creatures vanquished.

Notes
Turn   | Place    | Note
-------+----------+-------------------------------------------
     0 | D:1      | sking99 the Troll Monk began the quest for the Orb.
     0 | D:1      | Reached XP level 1. HP: 22/22 MP: 0/0
    37 | D:1      | Reached XP level 2. HP: 29/29 MP: 1/1
   324 | D:1      | You fall through a shaft!
   329 | D:2      | Noticed Terence
   452 | D:1      | Reached XP level 3. HP: 36/36 MP: 2/2
   671 | D:1      | Reached skill level 4 in Unarmed Combat
   779 | D:2      | Killed Terence
   791 | D:2      | Reached XP level 4. HP: 43/45 MP: 3/3
  1182 | D:3      | Noticed Natasha
  1189 | D:3      | Killed Natasha
  1189 | D:3      | Reached skill level 5 in Unarmed Combat
  1189 | D:3      | Reached XP level 5. HP: 35/53 MP: 4/4
  1243 | D:3      | Noticed Natasha
  1253 | D:3      | Killed Natasha
  1336 | D:3      | Noticed an orc warrior
  1358 | D:3      | Slain by an orc warrior

Vault maps used:
D:1:      ncdulo_wetmaze
D:2:      uniq_terence
D:3:      uniq_robin, uniq_natasha

Skill      XL: |  1  2  3  4 |
---------------+-------------+-----
Unarmed Combat | 4 5 |  5.5
Fighting       | 3 |  3.6
Dodging        | |  2.4
Stealth        | |  1.0

Action                   |  1- 3 |  4- 6 || total
-------------------------+-------+-------++-------
Melee: Unarmed           |    92 |    95 ||   187
       Punch             |       |     1 ||     1
 Stab: Sleeping          |     2 |       ||     2
  Eat: Chunk             |    13 |     5 ||    18
Armor: Robe              |    38 |    13 ||    51
       Troll leather arm |       |    14 ||    14
Dodge: Dodged            |    50 |    72 ||   122

Table legend:
 A = Spawn XP
 B = Non-spawn XP
 C = Spawn XP percentage of total XP
 D = Spawn monster count
 E = Non-spawn monster count
 F = Spawn count percentage of total count
 G = Total turns spent on level
                    A         B        C        D         E        F      G
               +---------+---------+-------+---------+---------+-------+---------
         Total |       0 |     308 |   0.0 |       0 |      73 |   0.0 |  1358
               +---------+---------+-------+---------+---------+-------+---------
           D:1 |       0 |      53 |   0.0 |       0 |      36 |   0.0 |   753
           D:2 |       0 |     105 |   0.0 |       0 |      23 |   0.0 |   378
           D:3 |       0 |     150 |   0.0 |       0 |      14 |   0.0 |   227
               +---------+---------+-------+---------+---------+-------+---------
